AoeStats
← TheBunjiMunji

Arena

510201748Analyzed
3v3 RM · 14h ago on Sep 29, 2026· 44m 17s· 6 players
Game mode
Random Map
Map size
Normal (6 player)
Population
200
Speed
Normal
Resources
Standard
Victory
Conquest
Starting age
Dark Age
Ending age
Imperial Age
RankedLock teamsTeams togetherTeam positionsShared explorationLock speedFull tech treeHidden civsTurbo modeCheats
Victory
Defeat
🇬🇧 Georgians · United Kingdom
849
+15
🇦🇷 Koreans · Argentina
819
+16
🇺🇸 Teutons · United States
817
+16
🇫🇷 Persians · France
860
-16
🇫🇷 Khmer · France
818
-16
🇫🇷 Celts · France
800
-29
xxyvonnederful
11:17 Feudal Age
15:43 Castle Age
13:35 Double-Bit Axe
15:58 Wheelbarrow
17:17 Bow Saw
16:49 Horse Collar
17:59 Heavy Plow
21:13 Gold Mining
21:14 Stone Mining
23:13 Scale Barding Armor
23:20 Forging
24:30 Stone Shaft Mining
28:20 Imperial Age
26:58 Bloodlines
27:11 Chain Barding Armor
27:27 Iron Casting
28:01 Fletching
29:55 Coinage
28:48 Cavalier
31:14 Plate Barding Armor
31:56 Blast Furnace
32:55 Bodkin Arrow
35:08 Paladin
38:47 Banking
39:55 Conscription
SherlockLopez Arg.
0:27 Loom
12:26 Feudal Age
13:09 Gold Mining
13:07 Double-Bit Axe
20:57 Castle Age
18:58 Stone Mining
19:06 Horse Collar
20:47 Wheelbarrow
22:31 Bow Saw
22:54 Fletching
23:15 Forging
23:11 Scale Barding Armor
23:54 Bodkin Arrow
29:32 Squires
36:18 Hand Cart
40:26 Imperial Age
38:23 Scale Mail Armor
39:43 Gold Shaft Mining
39:31 Treadmill Crane
39:47 Murder Holes
40:31 Iron Casting
40:40 Caravan
41:56 Conscription
42:16 Chain Mail Armor
42:29 Heavy Plow
41:58 Pikeman
42:24 Arson
43:10 Eupseong
44:15 Stone Shaft Mining
44:07 Fortified Wall
TheBunjiMunji
12:09 Feudal Age
16:29 Castle Age
15:44 Horse Collar
15:50 Double-Bit Axe
17:32 Heavy Plow
20:16 Fletching
24:05 Ballistics
27:25 Bow Saw
27:06 Gold Mining
30:32 Wheelbarrow
34:25 Imperial Age
32:45 Caravan
33:06 Fortified Wall
33:16 Murder Holes
33:19 Town Watch
33:50 Hand Cart
33:52 Stone Mining
34:11 Bodkin Arrow
34:18 Padded Archer Armor
34:20 Guard Tower
36:17 Chemistry
35:56 Keep
35:07 Arrowslits
37:53 Leather Archer Armor
37:39 Bracer
37:23 Treadmill Crane
37:55 Masonry
37:52 Town Patrol
37:37 Loom
38:49 Crop Rotation
38:57 Stone Shaft Mining
38:38 Svan Towers
38:54 Conscription
HolyTartiflette
8:10 Loom
11:26 Feudal Age
13:09 Double-Bit Axe
14:38 Horse Collar
19:21 Scale Barding Armor
22:51 Forging
28:00 Castle Age
30:07 Heavy Plow
30:20 Bow Saw
30:34 Chain Barding Armor
30:18 Husbandry
31:04 Ballistics
31:39 Gold Mining
31:43 Stone Mining
33:55 Wheelbarrow
33:07 Town Watch
35:00 Hand Cart
37:22 Masonry
43:53 Imperial Age
43:54 Heavy Scorpion
raphael.basard
10:59 Feudal Age
11:49 Double-Bit Axe
14:14 Bloodlines
16:33 Scale Barding Armor
17:34 Forging
21:17 Castle Age
21:52 Husbandry
22:15 Bow Saw
26:16 Horse Collar
40:30 Chain Barding Armor
40:22 Gold Mining
mathieu.cordary
11:24 Feudal Age
15:21 Castle Age
14:14 Stone Mining
14:11 Horse Collar
15:15 Loom
15:22 Loom
15:34 Double-Bit Axe
15:47 Gold Mining
25:39 Wheelbarrow
25:08 Heavy Plow
25:52 Gold Shaft Mining
36:46 Imperial Age
35:04 Fletching
35:15 Padded Archer Armor
38:47 Forging
38:37 Scale Mail Armor
38:55 Leather Archer Armor
Connection lost

Rejoining the realm…

Still unreachable

The connection could not be restored.

Session expired

The server has moved on; the page needs a fresh start.